Map: Submarine LE

Players

astrodroid - Winner!

  • Race: Zerg Zerg
  • League: Diamond
  • Spawn Location: 5:00

Munte

  • Race: Zerg Zerg
  • Spawn Location: 11:00

VOD

Have the link to the VOD?

Description

Time

  • Played on: Sept. 4, 2020, 3:09 a.m.
  • Length: 8:09
Show
View Real Time Build Order
Export as new Build Order

astrodroid Zerg - Winner!

Build Orders: Pool First 

Get SALT Encoding   

  12  0:17  Spawning Pool  
  11  0:22  Drone  
  11  0:26  Drone  
  13  0:31  Drone  
  14  0:40  Overlord  
  14  1:04  Zergling x2  
  14  1:05  Zergling x4  
  17  1:17  Zergling x2  
  18  1:18  Hatchery  
  17  1:29  Drone  
  18  1:33  Queen  
  21  1:40  Extractor, Drone  
  20  1:48  Overlord  
  20  1:59  Drone  
  21  2:09  Queen  
  23  2:21  Drone x2  
  24  2:30  Drone  
  24  2:40  Roach Warren, Drone  
  24  2:44  Zergling x6  
  27  2:58  Zergling x4  
  27  3:06  Queen  
  27  3:07  Drone x2  
  29  3:16  Metabolic Boost  
  29  3:28  Drone  
  29  3:29  Overlord  
  30  3:43  Roach x3  
  36  3:58  Evolution Chamber  
  36  4:00  Overlord  
  36  4:02  Evolution Chamber  
  34  4:11  Overlord  
  34  4:17  Roach  
  34  4:20  Roach x3  
  42  4:33  Roach x2  
  42  4:35  Drone  
  42  4:36  Drone  
  48  4:48  Drone x4  
  52  4:57  Overlord  
  52  5:05  Overlord  
  52  5:09  Lair  
  52  5:23  Drone  
  52  5:24  Drone  
  54  5:31  Extractor x2  
  51  5:39  Roach x4  
  51  5:40  Overlord  
  51  5:42  Overlord  
  59  5:56  Roach x2  
  63  6:03  Roach  
  63  6:04  Roach  
  67  6:07  Roach  
  69  6:14  Extractor, Drone  
  69  6:20  Roach x3  
  75  6:29  Roach x2  
  79  6:36  Roach  
  81  6:47  Roach x2  
  80  7:02  Roach  
  80  7:03  Roach  
  80  7:04  Overlord  
  84  7:17  Overlord  
  84  7:21  Ravager  
  82  7:30  Ravager x2  
  82  7:31  Ravager  
  82  7:32  Roach  
  82  7:33  Roach  
  89  7:38  Drone x2  
Show
View Real Time Build Order
Export as new Build Order

Munte Zerg 

Build Orders: Hatch First 

Get SALT Encoding   

  12  0:00  Drone  
  13  0:13  Overlord  
  13  0:18  Drone  
  14  0:31  Drone x2  
  16  0:49  Hatchery  
  15  0:52  Drone  
  15  0:55  Drone  
  17  0:59  Drone  
  18  1:10  Extractor  
  17  1:16  Spawning Pool  
  16  1:18  Drone  
  16  1:22  Drone  
  18  1:29  Drone  
  19  1:41  Overlord  
  19  2:03  Zergling x6  
  19  2:04  Queen  
  26  2:12  Zergling x4  
  27  2:28  Metabolic Boost  
  25  2:35  Hatchery  
  25  2:36  Zergling x2  
  22  3:08  Zergling x6  
  22  3:12  Zergling x6  
  26  3:20  Queen  
  28  3:46  Queen  
  30  3:52  Hatchery  
  29  3:58  Drone x3  
  29  3:59  Drone  
  29  4:00  Drone x3  
  36  4:06  Overlord  
  36  4:33  Drone x3  
  36  4:34  Extractor  
  36  4:35  Overlord  
  36  4:38  Overlord  
  38  4:42  Drone x3  
  41  4:59  Drone x3  
  45  5:00  Drone x2  
  45  5:04  Roach Warren  
  43  5:07  Evolution Chamber  
  43  5:10  Evolution Chamber  
  41  5:16  Drone x4  
  41  5:19  Extractor  
  41  5:21  Extractor  
  43  5:26  Lair  
  43  5:42  Drone  
  44  5:43  Drone x4  
  44  5:45  Drone x3  
  51  5:51  Drone  
  51  5:53  Zerg Missile Weapons Level 1  
  51  5:55  Zerg Ground Armor Level 1  
  52  6:05  Queen  
  52  6:06  Drone x2  
  52  6:09  Overlord  
  56  6:16  Roach x3  
  62  6:24  Roach  
  62  6:25  Roach  
  66  6:30  Spine Crawler  
  66  6:31  Roach  
  66  6:32  Spine Crawler  
  64  6:40  Spine Crawler  
  64  6:42  Roach  
  64  6:43  Roach  
  63  6:48  Roach x2  
  67  6:54  Roach x2  
  68  7:05  Roach Warren  
  59  7:19  Spire  
  58  7:45  Roach x5  
Tags
 
League
Diamond
Matchup
ZvZ
Race
Zerg
Spawn Locations
Cross Positions
Add a new tag
Caveats
  • Supply blocks, unpowered buildings, or Contaminate may cause inaccurate times.
  • Supply counts are checked every 10 seconds.